 Dungeon Crawl Stone Soup version 0.21.0-24-g2553a33 (webtiles) character file.

2 Monsterracer the Charmwright (level 1, 0/17 HPs)
             Began as a Ghoul Skald on Jan 19, 2018.
             Slain by a jackal (2 damage)
             ... on level 1 of the Dungeon.
             The game lasted 00:00:08 (24 turns).

Monsterracer the Charmwright (Ghoul Skald)            Turns: 24, Time: 00:00:09

Health: 0/17       AC:  3    Str: 14    XL:     1   Next: 30%
Magic:  2/2        EV: 11    Int:  8    God:
Gold:   0          SH:  0    Dex:  8    Spells: 2/3 levels left

rFire    . . .     SeeInvis .     - Unarmed
rCold    + . .     Gourm    .   (no shield)
rNeg     + + +     Faith    .   a - +0 leather armour
rPois    ∞         Spirit   .   (no helmet)
rElec    .         Reflect  .   (no cloak)
rCorr    .         Harm     .   (no gloves)
MR       .....                  (no boots)
Stlth    +.........             (no amulet)
HPRegen  0.00/turn              (no ring)
MPRegen  0.08/turn              (no ring)

@: rotting
A: rotting body, claws 1, carnivore, cold resistance 1, negative energy
resistance 3, inhibited regeneration, torment resistance, unbreathing
a: no special abilities


You were on level 1 of the Dungeon.
You were not hungry.

You visited 1 branch of the dungeon, and saw 1 of its levels.

Inventory:

Armour
 a - a +0 leather armour (worn)
Books
 b - a book of Battle

   Spells                             Type                      Level
   a - Infusion                       Charms                       1
   b - Shroud of Golubria             Charms/Translocation         2
   c - Song of Slaying                Charms                       2
   d - Spectral Weapon                Hexes/Charms                 3
   e - Regeneration                   Charms/Necromancy            3
Comestibles
 c - a ration


   Skills:
 - Level 2.1 Fighting
 - Level 0.8 Armour
 - Level 1.7 Dodging
 + Level 2.4 Unarmed Combat
 - Level 1.7 Spellcasting
 - Level 2.6 Charms


You had 2 spell levels left.
You knew the following spells:

 Your Spells              Type           Power        Failure   Level  Hunger
a - Infusion              Chrm           #...         16%         1    ##.....


Dungeon Overview and Level Annotations

Branches:
Dungeon (1/15)

Altars:


Innate Abilities, Weirdness & Mutations

Your body is rotting away.
You thrive on raw meat.
You are immune to poison.
You have sharp fingernails.
You are carnivorous and can eat meat at any time.
Your flesh is cold resistant. (rC+)
You are immune to negative energy. (rN+++)
You do not regenerate when monsters are visible.
You are immune to unholy pain and torment.
You can survive without breathing.


Message History

Welcome, Monsterracer the Ghoul Skald.
The bosom of this dungeon contains the fabled artefact, the Orb of Zot.
Press ? for a list of commands and other information.
Found a staircase leading out of the dungeon.
No target in view!
You open the door.
There is an open door here.
A goblin comes into view. It is wielding a dagger.
The goblin shouts!
You hear a bark! x2
A jackal comes into view.
The jackal barks!
A bat comes into view.
The bat hits you but does no damage.
You barely miss the bat. The bat hits you but does no damage.
The jackal bites you but does no damage.
The goblin barely misses you. The jackal bites you.
A rat comes into view.
You see here 9 gold pieces.
You take 2 damage, and have 15/17 hp.
You scratch the bat.
You kill the bat!
The goblin misses you.
The jackal bites you but does no damage. 2 jackals come into view.
The jackal barks!
You scratch the goblin.
The goblin is severely wounded.
The jackal bites you. The goblin hits you but does no damage.
You take 2 damage, and have 13/17 hp.
You closely miss the goblin.
The goblin is severely wounded.
The jackal completely misses you. The goblin hits you with a dagger.
You take 3 damage, and have 10/17 hp.
The jackal bites you.
* * * LOW HITPOINT WARNING * * *
You take 2 damage, and have 8/17 hp.
Found a metallic brown potion.
You scratch the jackal.
You kill the jackal!
You scratch the jackal but do no damage.
The jackal misses you.
You closely miss the jackal. The jackal bites you.
* * * LOW HITPOINT WARNING * * *
The jackal bites you.
* * * LOW HITPOINT WARNING * * *
You take 4 damage, and have 4/17 hp.
MASSIVE DAMAGE!!
You closely miss the jackal. The jackal closely misses you.
Unknown command.
You barely miss the jackal. The jackal bites you.
* * * LOW HITPOINT WARNING * * *
The goblin barely misses you.
A jackal comes into view.
You take 2 damage, and have 2/17 hp.
You miss the jackal.
The jackal bites you but does no damage.
The goblin hits you but does no damage. The jackal closely misses you.
The goblin hits you but does no damage.
Found a brown potion.
The jackal bites you but does no damage.
The goblin hits you but does no damage. The jackal misses you.
The jackal closely misses you. The jackal closely misses you. x2
The jackal bites you.
You die...

## !. #. #.##
..# #.# #
######.###.####
#.....gh@.....#
#.##...h..!.#.#
#### #.#r###..#
.....##.#h###..#
#..........r..#
.####...†$...#
+<'....###......
###....# .#.##
.......# # #


You could see 3 jackals, a goblin and a rat.

Vanquished Creatures
  A jackal (D:1)
  A bat (D:1)
2 creatures vanquished.

Notes
Turn   | Place    | Note
-------+----------+-------------------------------------------
     0 | D:1      | Monsterracer the Ghoul Skald began the quest for the Orb.
     0 | D:1      | Reached XP level 1. HP: 17/17 MP: 2/2
    12 | D:1      | HP: 8/17 [jackal (2)]
    17 | D:1      | HP: 7/17 [jackal (1)]
    19 | D:1      | HP: 2/17 [jackal (2)]
    24 | D:1      | Slain by a jackal

Action                   || total
-------------------------++-------
Melee: Unarmed           ||    10
Armor: Leather armour    ||     9
Dodge: Dodged            ||    11

Vault maps used:
D:1:      dpeg_arrival_tiny_b
